Map: Old Republic LE

Players

ShoWTimE - Winner!

  • Race: Protoss Protoss
  • League: Master
  • Spawn Location: 1:00

BabyMarine

  • Race: Terran Terran
  • Spawn Location: 7:00

VOD

Have the link to the VOD?

Description

Time

  • Played on: Jan. 31, 2026, 12:16 p.m.
  • Length: 23:41
Show
View Real Time Build Order
Export as new Build Order

ShoWTimE Protoss - Winner!

Build Orders: 1 Gate Expand, Blink Stalkers 

Get SALT Encoding   

  12  0:00  Probe  
  13  0:12  Probe  
  14  0:16  Pylon  
  14  0:24  Probe  
  15  0:32  Probe  
  15  0:34  Gateway  
  15  0:40  Probe  
  16  0:45  Assimilator  
  17  0:50  Probe  
  18  1:03  Probe  
  19  1:15  Probe  
  20  1:22  Cybernetics Core  
  20  1:31  Nexus  
  20  1:34  Probe  
  21  1:41  Pylon  
  21  1:46  Probe  
  22  1:49  Assimilator, Adept  
  22  1:58  Probe  
  22  2:00  Warp Gate  
  25  2:09  Adept  
  25  2:10  Probe  
  26  2:22  Probe  
  29  2:27  Twilight Council  
  29  2:34  Probe  
  30  2:43  Probe  
  31  2:47  Probe, Blink  
  32  2:52  Stalker  
  32  2:55  Probe  
  32  2:58  Gateway  
  33  2:59  Probe  
  36  3:07  Probe  
  36  3:11  Probe  
  38  3:17  Sentry  
  38  3:19  Probe  
  39  3:23  Probe, Pylon  
  42  3:32  Probe  
  43  3:35  Probe  
  44  3:44  Probe  
  44  3:47  Probe  
  46  3:49  Nexus  
  46  3:53  Stalker  
  46  3:55  Stalker  
  50  3:59  Pylon  
  50  4:01  Probe  
  50  4:02  Probe  
  52  4:05  Assimilator  
  52  4:13  Probe  
  52  4:14  Probe  
  54  4:21  Pylon  
  54  4:22  Stalker x2  
  58  4:26  Probe x2  
  58  4:30  Gateway  
  60  4:35  Gateway  
  60  4:38  Probe  
  61  4:39  Probe  
  61  4:45  Pylon  
  62  4:46  Stalker  
  62  4:48  Stalker  
  62  4:50  Probe  
  62  4:51  Probe  
  68  5:00  Probe  
  68  5:04  Forge, Probe  
  68  5:05  Charge  
  69  5:07  Probe  
  69  5:08  Probe  
  69  5:12  Probe  
  69  5:13  Robotics Facility  
  72  5:16  Probe  
  72  5:19  Probe  
  75  5:22  Probe  
  75  5:24  Assimilator  
  75  5:26  Gateway  
  75  5:27  Gateway  
  75  5:28  Probe  
  77  5:31  Probe  
  77  5:34  Probe  
  79  5:35  Protoss Ground Weapons Level 1  
  79  5:36  Gateway  
  79  5:39  Gateway  
  79  5:40  Probe  
  80  5:48  Pylon  
  80  5:49  Probe  
  80  5:51  Stalker  
  80  5:56  Probe  
  80  6:01  Phoenix, Observer  
  80  6:02  Probe  
  80  6:03  Probe  
  79  6:05  Probe  
  79  6:06  Robotics Bay  
  79  6:11  Probe  
  81  6:13  Nexus, Observer  
  81  6:14  Probe, Pylon  
  81  6:16  Probe  
  83  6:21  Sentry x2  
  83  6:24  Zealot x3  
  95  6:28  Probe x2  
  95  6:30  Pylon  
  97  6:33  Probe, Pylon  
  97  6:35  Shield Battery  
  98  6:40  Probe  
  98  6:41  Pylon  
  98  6:46  Zealot x3, Robotics Facility  
  105  6:48  Colossus  
  105  6:49  Zealot  
  107  6:54  Zealot x3  
  113  7:01  Zealot  
  113  7:04  Pylon  
  121  7:09  Extended Thermal Lance  
  121  7:10  Zealot x2  
  121  7:11  Protoss Ground Weapons Level 2  
  125  7:15  Zealot  
  125  7:17  Zealot  
  125  7:19  Zealot  
  125  7:21  Zealot  
  131  7:25  Zealot x2  
  131  7:28  Probe  
  129  7:30  Probe  
  129  7:31  Probe  
  129  7:34  Observer  
  132  7:39  Colossus, Probe  
  132  7:41  Probe  
  132  7:42  Forge, Probe  
  132  7:43  Colossus  
  135  7:45  Sentry  
  135  7:48  Probe, Pylon  
  145  7:51  Probe  
  145  7:59  Probe  
  145  8:00  Probe  
  145  8:01  Pylon  
  153  8:06  Nexus  
  153  8:11  Zealot x3  
  153  8:12  Protoss Ground Armor Level 1  
  159  8:17  Zealot x2  
  163  8:29  Probe x2  
  163  8:30  Zealot x3  
  163  8:33  Warp Prism  
  163  8:34  Pylon  
  171  8:35  Pylon x2  
  172  8:43  Gravitic Drive  
  172  8:47  Assimilator  
  172  8:49  Assimilator  
  172  8:52  Probe x4  
  172  8:54  Zealot x6  
  172  8:55  Zealot  
  186  9:05  Disruptor  
  184  9:10  Zealot  
  184  9:15  Disruptor  
  184  9:16  Gateway x2  
  192  9:19  Gateway  
  192  9:20  Gateway  
  192  9:21  Protoss Ground Weapons Level 3  
  190  9:27  Gateway  
  190  9:32  Gateway  
  190  9:33  Stalker x4  
  190  9:34  Dark Shrine  
  190  9:35  Zealot  
  200  9:46  Pylon  
  200  9:51  Protoss Ground Armor Level 2  
  200  9:56  Nexus  
  200  9:58  Pylon  
  200  9:59  Gravitic Boosters  
  196  10:08  Photon Cannon  
  196  10:09  Photon Cannon  
  196  10:11  Shield Battery x2  
  196  10:13  Zealot x2  
  196  10:14  Pylon  
  200  10:18  Photon Cannon  
  200  10:28  Gateway  
  200  10:30  Gateway  
  200  10:32  Gateway  
  200  10:34  Zealot x2  
  199  10:35  Observer  
  199  10:39  Gateway  
  200  10:43  Gateway  
  200  10:51  Shadow Stride  
  200  10:52  Robotics Facility  
  200  10:53  Pylon  
  200  11:09  Stalker x5  
  188  11:17  Zealot x2, Stalker x4  
  188  11:18  Zealot  
  192  11:29  Zealot x2  
  182  11:36  Zealot x5  
  170  11:42  Zealot  
  170  11:43  Zealot x6  
  170  11:44  Probe x2  
  170  11:45  Disruptor x2  
  194  11:51  Observer, Probe x3  
  197  11:54  Stalker  
  200  12:05  Pylon  
  200  12:07  Protoss Ground Armor Level 3  
  200  12:13  Zealot x6  
  191  12:16  Colossus  
  191  12:20  Protoss Shields Level 1  
  163  12:24  Zealot x17  
  163  12:25  Zealot x2  
  163  12:29  Probe x2  
  199  12:31  Gateway  
  199  12:53  Pylon  
  199  12:54  Nexus  
  199  12:57  Pylon  
  199  13:00  Colossus  
  187  13:08  Zealot x12  
  187  13:11  Nexus  
  197  13:18  Gateway  
  197  13:21  Pylon  
  197  13:37  Assimilator  
  197  13:39  Dark Templar  
  199  13:54  Stargate  
  195  13:58  Protoss Shields Level 2, Templar Archives  
  177  14:05  Zealot x3  
  177  14:06  Zealot x16  
  197  14:18  Assimilator  
  197  14:20  Stargate  
  197  14:32  Nexus  
  197  14:35  Pylon  
  197  14:40  Dark Templar  
  199  14:56  Observer  
  198  15:04  Fleet Beacon  
  199  15:07  Assimilator  
  199  15:09  Assimilator  
  199  15:25  Pylon, Psionic Storm  
  199  15:34  Gateway  
  199  15:35  Gateway  
  199  15:36  Unknown, Gateway  
  199  15:38  Gateway  
  197  15:49  Dark Templar  
  199  16:00  Stargate  
  199  16:02  Stargate  
  196  16:05  Tempest x2  
  192  16:15  Protoss Air Weapons Level 1  
  192  16:17  High Templar x4  
  198  16:35  Cybernetics Core  
  198  16:36  Pylon  
  194  16:44  High Templar x2  
  182  16:47  Tempest  
  182  16:48  Tempest, Oracle  
  189  17:05  Photon Cannon, Stalker x2  
  189  17:06  Stalker x3  
  189  17:07  Photon Cannon  
  199  17:09  Photon Cannon  
  199  17:10  Photon Cannon, Protoss Air Armor Level 1  
  199  17:13  Shield Battery  
  199  17:14  Shield Battery  
  195  17:16  Protoss Shields Level 3, Shield Battery  
  195  17:18  Pylon  
  195  17:21  Nexus  
  195  17:24  Pylon, Photon Cannon  
  195  17:25  Tempest  
  195  17:28  Photon Cannon  
  199  17:36  Tempest  
  199  17:37  Tempest  
  190  18:03  High Templar x6  
  200  18:12  Archon  
  198  18:15  Stalker  
  184  18:26  Stalker  
  184  18:27  Stalker x4  
  186  18:30  Stalker x4  
  186  18:32  Tempest x3  
  179  18:34  Zealot x4  
  179  18:38  Archon  
  179  18:41  Zealot x7  
  179  18:43  Zealot x3  
  199  18:53  Archon x2  
  199  18:55  Colossus  
  187  19:03  Protoss Air Weapons Level 2  
  187  19:04  High Templar  
  187  19:07  High Templar  
  187  19:08  Probe x2  
  189  19:15  Tempest x2  
  197  19:17  Unknown  
  197  19:19  Assimilator  
  197  19:20  Assimilator, Probe x2  
  189  19:28  High Templar  
  182  19:33  Zealot x9  
  196  19:39  Oracle  
  196  19:44  Protoss Air Armor Level 2  
  185  19:57  Stalker x5  
  185  19:58  Zealot x2  
  199  20:06  Zealot x3  
  199  20:09  Tempest  
  191  20:15  Tempest  
  191  20:20  Zealot x10  
  187  20:34  High Templar x2  
  189  20:39  Photon Cannon  
  189  20:41  Photon Cannon, Assimilator  
  189  20:43  Photon Cannon, Assimilator  
  189  20:45  Photon Cannon  
  189  20:47  Shield Battery  
  189  20:48  Shield Battery  
  189  20:50  Pylon  
  189  20:58  Nexus  
  189  21:00  Pylon, Assimilator  
  189  21:01  Assimilator  
  189  21:02  Observer x2  
  191  21:14  Pylon  
  191  21:24  Photon Cannon  
  191  21:26  Photon Cannon  
  191  21:27  Photon Cannon  
  191  21:29  Photon Cannon  
  191  21:31  Shield Battery  
  191  21:33  Shield Battery  
  191  21:36  Pylon  
  191  21:39  Nexus x2, Pylon x2  
  191  21:46  High Templar x3  
  197  21:59  Zealot  
  196  22:08  Zealot x2  
  190  22:19  High Templar x3  
  186  22:23  Zealot x2  
  186  22:24  Zealot x5  
  186  22:27  Archon x2  
  177  23:11  Stalker x5, Zealot  
  177  23:12  Zealot x5  
Show
View Real Time Build Order
Export as new Build Order

BabyMarine Terran 

Build Orders: Reaper Expand 

Get SALT Encoding   

  12  0:00  SCV  
  13  0:12  SCV  
  14  0:17  Supply Depot  
  14  0:24  SCV  
  15  0:38  SCV  
  15  0:40  Barracks  
  16  0:43  Refinery  
  16  0:51  SCV  
  17  1:03  SCV  
  18  1:15  SCV  
  19  1:27  Reaper  
  19  1:28  Orbital Command  
  20  1:42  Command Center  
  20  1:52  Supply Depot  
  20  1:54  SCV  
  21  1:59  Marine  
  22  2:06  SCV  
  23  2:09  Factory  
  23  2:18  SCV, Bunker  
  23  2:21  Barracks Reactor  
  24  2:26  Refinery  
  24  2:30  SCV  
  25  2:42  SCV  
  26  2:53  Hellion  
  26  2:54  Orbital Command  
  26  2:56  SCV  
  26  2:57  Starport, Marine  
  30  3:01  Marine  
  31  3:08  SCV  
  32  3:16  Marine  
  32  3:18  Hellion  
  32  3:19  Marine  
  36  3:20  SCV  
  36  3:21  SCV  
  36  3:25  Supply Depot  
  38  3:32  SCV  
  38  3:33  SCV  
  40  3:34  Medivac  
  40  3:39  Hellion  
  44  3:44  SCV  
  44  3:48  Supply Depot, SCV  
  45  3:49  Marine x2  
  48  3:58  SCV  
  48  4:00  Factory Tech Lab  
  48  4:01  SCV, Barracks  
  50  4:07  Marine x2  
  52  4:12  SCV  
  52  4:13  SCV  
  52  4:14  Starport Tech Lab  
  52  4:16  Barracks  
  54  4:20  Siege Tank  
  54  4:22  Supply Depot  
  57  4:24  SCV  
  57  4:28  SCV  
  59  4:32  Supply Depot, Raven  
  59  4:36  SCV  
  62  4:43  Marine x2  
  62  4:44  SCV  
  62  4:45  Supply Depot  
  65  4:48  SCV  
  65  4:50  Refinery  
  65  4:51  Engineering Bay  
  66  4:56  SCV  
  66  4:59  Factory Reactor  
  67  5:01  Marine x3, Stimpack  
  67  5:04  SCV  
  70  5:07  Refinery  
  70  5:08  SCV  
  71  5:15  Starport Reactor, Combat Shield  
  71  5:19  Marine, Marauder x2  
  71  5:20  Supply Depot  
  76  5:23  SCV x2  
  76  5:25  Marine  
  79  5:31  Terran Infantry Weapons Level 1  
  79  5:36  Widow Mine  
  79  5:38  Widow Mine, Marine  
  79  5:42  Marauder x2  
  88  5:46  Marine  
  89  5:51  SCV  
  86  5:57  Command Center  
  86  6:00  Medivac  
  86  6:03  Marine x2, Marauder  
  93  6:04  Widow Mine x2  
  93  6:10  Medivac, Supply Depot  
  95  6:13  Supply Depot  
  95  6:14  Supply Depot  
  95  6:22  Barracks  
  95  6:27  Marine, Marauder, Barracks  
  95  6:29  Marine  
  95  6:32  Medivac  
  101  6:35  Concussive Shells  
  101  6:39  Marauder  
  103  6:44  Supply Depot, SCV  
  103  6:45  SCV  
  105  6:47  Widow Mine  
  105  6:51  Widow Mine, Marine  
  110  6:55  Marauder  
  112  7:03  Marine, Marauder  
  115  7:09  Marine  
  116  7:16  Marine  
  116  7:20  Marine  
  119  7:24  Marauder  
  119  7:26  Marine  
  119  7:28  SCV  
  118  7:31  Barracks Reactor, Barracks Tech Lab  
  118  7:34  Terran Infantry Armor Level 1, Medivac x2, Marauder  
  120  7:41  SCV  
  121  7:46  Marauder  
  121  7:49  Orbital Command  
  123  7:52  SCV  
  123  7:53  SCV, Missile Turret  
  123  7:55  Marauder, Marine x2  
  123  7:56  Marauder  
  123  7:57  Widow Mine x2  
  135  8:04  Viking x2  
  139  8:08  Armory  
  139  8:10  SCV x2  
  141  8:14  Supply Depot  
  141  8:17  Marauder x2  
  141  8:19  SCV  
  146  8:22  SCV  
  145  8:28  SCV  
  145  8:31  SCV  
  147  8:34  Viking, Bunker  
  147  8:35  Missile Turret, Viking  
  147  8:36  Supply Depot  
  152  8:41  SCV x2  
  152  8:43  Starport, SCV  
  152  8:47  Marauder  
  156  8:53  SCV  
  157  8:57  Supply Depot  
  157  8:58  Marauder x2, Engineering Bay  
  157  9:01  Supply Depot  
  158  9:11  Viking x2  
  158  9:13  SCV x2  
  158  9:14  SCV  
  162  9:18  Marauder  
  162  9:19  Marauder x2  
  167  9:25  Command Center  
  167  9:26  Supply Depot  
  167  9:29  Sensor Tower  
  167  9:31  Ghost Academy  
  167  9:32  Refinery  
  167  9:33  Viking, Refinery  
  167  9:35  Viking  
  169  9:42  SCV  
  170  9:45  SCV  
  170  9:49  Marauder  
  170  9:51  Supply Depot  
  173  9:53  Terran Infantry Weapons Level 2  
  173  9:54  Viking, Terran Infantry Armor Level 2  
  173  9:57  Viking  
  172  10:01  Terran Ship Weapons Level 1  
  172  10:10  Barracks  
  172  10:11  Barracks  
  172  10:12  Viking  
  172  10:13  Supply Depot, Barracks  
  172  10:15  Ghost  
  172  10:18  SCV  
  172  10:19  SCV x2  
  177  10:28  Missile Turret  
  177  10:35  Ghost x2  
  181  10:42  Medivac x2  
  184  10:46  Marauder  
  186  10:56  Fusion Core, Supply Depot  
  186  11:02  Missile Turret  
  187  11:04  Marauder x2  
  187  11:06  Missile Turret  
  184  11:13  Marauder, Barracks Tech Lab x2  
  184  11:20  SCV  
  188  11:25  Marauder  
  188  11:26  Marauder, Planetary Fortress  
  188  11:32  Marine x4  
  190  11:33  Barracks Tech Lab  
  190  11:34  SCV, Marauder  
  190  11:44  Advanced Ballistics  
  190  11:46  Ghost x2  
  188  11:56  Ghost  
  188  11:58  Sensor Tower  
  188  11:59  Missile Turret  
  188  12:01  Refinery x2  
  188  12:13  Marine x2, Marauder x2  
  189  12:21  Marine x2  
  187  12:24  Liberator  
  187  12:26  Liberator  
  187  12:29  Command Center  
  189  12:31  SCV x4  
  189  12:36  Terran Ship Weapons Level 2  
  193  12:44  SCV x2  
  195  12:46  SCV  
  196  12:54  Missile Turret  
  196  12:55  Command Center  
  194  13:11  Command Center  
  182  13:17  Liberator x2, SCV  
  189  13:34  Command Center  
  189  13:37  Terran Infantry Weapons Level 3  
  189  13:47  Missile Turret  
  189  13:52  Liberator  
  189  13:53  SCV x2  
  189  13:54  Liberator  
  188  13:58  SCV  
  188  14:01  Caduceus Reactor  
  188  14:02  Liberator x2  
  181  14:05  SCV x2  
  183  14:15  SCV  
  184  14:17  SCV  
  184  14:22  Marauder x3  
  191  14:28  Planetary Fortress  
  191  14:42  SCV x2  
  191  14:44  Command Center  
  193  14:52  Terran Vehicle Weapons Level 1  
  193  14:58  Terran Infantry Armor Level 3  
  193  15:07  Missile Turret  
  193  15:13  Viking x2  
  199  15:14  Armory  
  199  15:16  SCV  
  199  15:19  Starport  
  200  15:26  Command Center  
  198  15:38  Command Center  
  198  15:48  Planetary Fortress  
  197  15:59  Starport Reactor  
  193  16:06  SCV  
  193  16:09  SCV  
  193  16:10  SCV  
  193  16:15  Terran Ship Weapons Level 3  
  193  16:18  SCV  
  194  16:22  SCV, Missile Turret  
  194  16:25  Liberator, Missile Turret  
  198  16:26  Missile Turret  
  198  16:35  Orbital Command  
  198  16:38  Sensor Tower  
  198  16:39  SCV x2  
  195  16:41  SCV  
  192  16:54  Liberator x2  
  192  16:58  Command Center  
  198  17:04  Terran Vehicle And Ship Armor Level 1  
  198  17:14  Command Center, Missile Turret, Orbital Command  
  195  17:29  Missile Turret  
  195  17:33  Viking x2  
  199  17:38  Viking x2  
  196  18:00  Ghost x2  
  198  18:18  Ghost x2  
  198  18:19  Viking x2  
  193  18:27  Marine x2  
  193  18:28  Marauder x2  
  197  18:36  Orbital Command, Refinery  
  197  18:37  Refinery  
  197  18:38  Barracks  
  197  18:39  Viking  
  197  18:40  Barracks  
  187  18:50  Ghost, SCV  
  175  18:57  Marauder x2  
  175  19:00  Viking x3  
  175  19:01  Ghost x2  
  175  19:02  Marine x4  
  185  19:03  Viking  
  185  19:05  Planetary Fortress  
  187  19:14  Marauder  
  189  19:19  Marauder x2  
  182  19:27  Viking x2  
  180  19:34  Barracks Reactor  
  180  19:35  Barracks Tech Lab  
  180  19:36  Terran Vehicle And Ship Armor Level 2  
  174  19:40  Ghost x2  
  174  19:41  Viking x2  
  180  19:47  Marine  
  180  19:48  Marine x3  
  181  19:54  Marine x2  
  181  19:55  Marauder x2  
  187  20:06  Marine x4  
  184  20:09  Marauder x2  
  184  20:12  Marauder  
  184  20:13  Marauder  
  180  20:16  Marine, Marauder  
  172  20:24  Marine x3  
  172  20:26  Marine  
  169  20:30  Marauder x2  
  169  20:33  Marine  
  169  20:34  Marauder  
  176  20:36  Orbital Command  
  176  20:39  SCV  
  176  20:40  SCV x3  
  180  20:44  Ghost  
  182  20:51  SCV, Viking x2  
  186  21:00  SCV x3  
  189  21:09  Viking x2  
  191  21:12  Viking  
  191  21:13  Viking  
  195  21:21  SCV x2  
  195  21:23  Liberator  
  195  21:54  Personal Cloaking  
  189  22:07  Viking x2  
  189  22:11  Marine x2, Marauder  
  189  22:12  Marauder  
  189  22:15  Marine x2  
  175  22:16  Marauder x2  
  175  22:18  SCV  
  175  22:21  Viking x2  
  167  22:23  Marine  
  167  22:24  Marauder  
  167  22:29  Marine  
  168  22:33  Marauder, Liberator x2  
  168  22:34  Marine x3, Marauder  
  183  22:37  Marauder x2  
  183  22:38  Orbital Command  
  183  22:41  SCV  
  183  22:42  SCV  
  183  22:43  Marine  
  183  22:45  Marauder  
  183  22:47  Marine  
  183  22:50  SCV x2  
  188  22:51  Marine  
  188  22:54  Marauder  
  188  22:55  Viking x2  
  188  22:56  Marine x2, Marauder  
  191  22:58  Marauder  
  184  23:10  Ghost  
  182  23:23  Marine x4  
Tags
 
Add a new tag
Caveats
  • Supply blocks, unpowered buildings, or Contaminate may cause inaccurate times.
  • Supply counts are checked every 10 seconds.